 Dungeon Crawl Stone Soup version 0.29.0-4-gdea44cf6ec (webtiles) character file.

Game seed: 7570764806378521515

312 qw the Ruffian (level 6, -9/59 HPs)
             Began as a Troll Cinder Acolyte on Sept 2, 2022.
             Was a High Priest of Ignis.
             Mangled by Duvessa
             ... wielding a +0 short sword
              (12 damage)
             ... on level 4 of the Dungeon.
             The game lasted 00:01:38 (1996 turns).

qw the Ruffian (Troll Cinder Acolyte)               Turns: 1996, Time: 00:01:39

Health: -9/59      AC: 11    Str: 25      XL:     6   Next: 18%
Magic:  6/6        EV:  9    Int: 10      God:    Ignis [*****.]
Gold:   118        SH:  0    Dex: 10 (11) Spells: 7/7 levels left

rFire   + . .      SeeInvis .     - Unarmed
rCold   . . .      Faith    .   (no shield)
rNeg    . . .      Spirit   .   a - +0 robe
rPois   .          Reflect  .   (helmet restricted)
rElec   .          Harm     .   (no cloak)
rCorr   .          Rampage  .   (gloves unavailable)
Will    .....                   (boots unavailable)
Stlth   +.........              (no amulet)
HPRegen 0.99/turn               b - +6 ring of dexterity
MPRegen 0.10/turn               (no ring)

@: about to teleport, fiery-armoured
A: large, unfitting armour, claws 3, regeneration 1, shaggy fur 1, tough skin 1
a: Renounce Religion, Fiery Armour, Foxfire Swarm, Rising Flame


You were on level 4 of the Dungeon.
You worshipped Ignis.
Ignis was extremely pleased with you.
You visited 1 branch of the dungeon, and saw 4 of its levels.

You collected 118 gold pieces.


Innate Abilities, Weirdness & Mutations

You are too large for most types of armour.
You have claws for hands.
Your natural rate of healing is unusually fast.
You are covered in fur. (AC +1)
You have tough skin. (AC +1)


   Skills:
 - Level 2.4 Fighting
 - Level 1.3 Dodging
 + Level 6.7 Unarmed Combat
 - Level 1.0 Spellcasting
 - Level 2.1 Fire Magic


You had 7 spell levels left.
You didn't know any spells.
Your spell library contained the following spells:

 Spells                   Type           Power      Damage    Failure   Level
 Scorch                   Fire           8%         2d5       22%         2

Inventory:

Armour
 a - a +0 robe (worn)
Jewellery
 b - a +6 ring of dexterity (left claw)
Scrolls
 f - 3 scrolls of summoning {unknown}
 k - a scroll of identify {unknown}
Potions
 c - a potion of attraction {unknown}
 d - a potion of curing {unknown}
 e - a potion of resistance {unknown}
 g - a potion of might {unknown}
 h - a potion of magic {unknown}
 i - a potion of haste {unknown}

Dungeon Overview and Level Annotations

Branches:
Dungeon (4/15)
 Temple: D:4-7

Altars:
Vehumet

Annotations:
D:4 Duvessa


Message History

1984 ||| Stepping ~*~*~tactically~*~*~ (outnumbered).
1985 ||| Stepping ~*~*~tactically~*~*~ (outnumbered).
Duvessa hits you with a +0 short sword!
Duvessa is burned by your cloak of flames.
Duvessa is moderately wounded.
1986 ||| Stepping ~*~*~tactically~*~*~ (outnumbered).
You scratch Duvessa.
Duvessa is moderately wounded.
Duvessa hits you with a +0 short sword.
You scratch Duvessa.
Duvessa is moderately wounded.
Duvessa hits you but does no damage. Duvessa barely misses you.
You scratch Duvessa but do no damage.
Duvessa is moderately wounded.
Duvessa hits you with a +0 short sword.
You barely miss Duvessa.
Duvessa is moderately wounded.
Duvessa barely misses you.
You scratch Duvessa but do no damage.
Duvessa is moderately wounded.
Duvessa barely misses you. Duvessa hits you with a +0 short sword.
Duvessa is burned by your cloak of flames.
Duvessa is moderately wounded.
You scratch Duvessa but do no damage.
Duvessa is moderately wounded.
Duvessa barely misses you.
You claw Duvessa!
Duvessa is severely wounded.
Duvessa hits you with a +0 short sword!
1994 ||| READING scroll of teleportation.
As you read the scroll of teleportation, it crumbles to dust.
You feel strangely unstable. Duvessa barely misses you.
Duvessa hits you with a +0 short sword!
You claw Duvessa!
Duvessa is almost dead.
Duvessa hits you but does no damage.
You barely miss Duvessa.
Duvessa is almost dead.
Duvessa completely misses you. Duvessa hits you with a +0 short sword!
You die...

#.# #..# # #.##.# #.#
#..# #.#.##.## #.# #..#
#........ #.###.####..#
###....## #...........#
#.#..##
#####.####.#######.#....
######)# #............##
#......#####....[...####
#.....ge@.....#####.#
#.###########.# #.# #
#.# ... #.. #### #.##
.## #


You could see Duvessa (berserk) and a hobgoblin.

Vanquished Creatures
  Edmund (D:4)
  Dowan (D:4)
  An orc priest (D:3)
  2 adders
  3 dart slugs
  4 orcs (D:3)
  10 ball pythons
  4 endoplasms
  5 giant cockroaches
  6 goblins
  3 hobgoblins
  5 jackals
  3 quokkas
  14 bats
  4 frilled lizards
  10 kobolds
  5 rats
81 creatures vanquished.

Vanquished Creatures (others)
  6 plants (D:1)
6 creatures vanquished.

Grand Total: 87 creatures vanquished

Notes
Turn   | Place    | Note
-------+----------+-------------------------------------------
     0 | D:1      | qw the Troll Cinder Acolyte began the quest for the Orb.
     0 | D:1      | Reached XP level 1. HP: 22/22 MP: 1/1
     0 | D:1      | 0 ||| qw: Version: 0.1-a-97-g2dd2ca4
     0 | D:1      | 0 ||| qw: Game counter: 5002
     0 | D:1      | 0 ||| qw: Always use a shield: true
     0 | D:1      | 0 ||| qw: God list: Okawaru
     0 | D:1      | 0 ||| qw: Allow faded altars: false
     0 | D:1      | 0 ||| qw: Do Orc after D:15 true
     0 | D:1      | 0 ||| qw: Do second Lair branch before Depths: true
     0 | D:1      | 0 ||| qw: Lair rune preference: random
     0 | D:1      | 0 ||| qw: Plans: Normal
     0 | D:1      | 0 ||| PLANNING D:1-11
    79 | D:1      | 79 ||| Stepping ~*~*~tactically~*~*~ (outnumbered).
    81 | D:1      | 81 ||| Stepping ~*~*~tactically~*~*~ (outnumbered).
    91 | D:1      | 91 ||| Stepping ~*~*~tactically~*~*~ (stealth).
    98 | D:1      | 98 ||| Stepping ~*~*~tactically~*~*~ (stealth).
   112 | D:1      | Reached XP level 2. HP: 29/29 MP: 2/2
   177 | D:1      | 177 ||| Stepping ~*~*~tactically~*~*~ (stealth).
   271 | D:1      | 271 ||| Stepping ~*~*~tactically~*~*~ (stealth).
   314 | D:1      | Reached skill level 4 in Unarmed Combat
   502 | D:1      | Reached XP level 3. HP: 35/36 MP: 3/3
   542 | D:1      | 542 ||| DROPPING +6 ring of intelligence.
   543 | D:1      | 543 ||| READING scroll labelled XEUGUH BEUTSUU.
   544 | D:1      | 544 ||| READING scroll labelled WASYNY LUV JEPH.
   568 | D:2      | Found a radiant altar of Vehumet.
   585 | D:2      | 585 ||| Stepping ~*~*~tactically~*~*~ (stealth).
   587 | D:2      | 587 ||| Stepping ~*~*~tactically~*~*~ (stealth).
   598 | D:2      | 598 ||| Stepping ~*~*~tactically~*~*~ (stealth).
   600 | D:2      | 600 ||| Stepping ~*~*~tactically~*~*~ (stealth).
   637 | D:2      | 637 ||| Stepping ~*~*~tactically~*~*~ (hiding).
   696 | D:2      | 696 ||| Stepping ~*~*~tactically~*~*~ (stealth).
   733 | D:2      | 733 ||| Stepping ~*~*~tactically~*~*~ (stealth).
   739 | D:2      | 739 ||| Stepping ~*~*~tactically~*~*~ (stealth).
   740 | D:2      | 740 ||| Stepping ~*~*~tactically~*~*~ (stealth).
   874 | D:2      | Found a faded altar of an unknown god.
   878 | D:2      | 878 ||| Stepping ~*~*~tactically~*~*~ (hiding).
  1008 | D:2      | Reached XP level 4. HP: 44/44 MP: 4/4
  1056 | D:2      | 1056 ||| READING scroll labelled RIYMEXTOPOD.
  1057 | D:2      | 1057 ||| DRINKING 2 viscous blue potions.
  1058 | D:2      | 1058 ||| DROPPING potion of degeneration.
  1153 | D:3      | Reached skill level 5 in Unarmed Combat
  1227 | D:3      | 1227 ||| Stepping ~*~*~tactically~*~*~ (hiding).
  1725 | D:3      | 1725 ||| UPGRADING to +6 ring of dexterity.
  1726 | D:3      | 1726 ||| READING 2 scrolls labelled RARUIRGH NYSIRHINT.
  1730 | D:3      | 1730 ||| READING scroll labelled GESIFA IRASTIU.
  1744 | D:4      | Noticed Edmund
  1753 | D:4      | 1753 ||| INVOKING Fiery Armour.
  1757 | D:4      | Killed Edmund
  1758 | D:4      | Reached skill level 6 in Unarmed Combat
  1758 | D:4      | Reached XP level 5. HP: 16/50 MP: 5/5
  1976 | D:4      | Noticed Duvessa
  1976 | D:4      | Noticed Dowan
  1977 | D:4      | 1977 ||| INVOKING Fiery Armour.
  1982 | D:4      | Killed Dowan
  1983 | D:4      | Reached skill level 1 in Dodging
  1983 | D:4      | Reached XP level 6. HP: 43/59 MP: 6/6
  1984 | D:4      | 1984 ||| Stepping ~*~*~tactically~*~*~ (outnumbered).
  1985 | D:4      | 1985 ||| Stepping ~*~*~tactically~*~*~ (outnumbered).
  1986 | D:4      | 1986 ||| Stepping ~*~*~tactically~*~*~ (outnumbered).
  1993 | D:4      | HP: 12/59 [Duvessa/+0 short sword (8)]
  1994 | D:4      | 1994 ||| READING scroll of teleportation.
  1994 | D:4      | HP: 2/59 [Duvessa/+0 short sword (11)]
  1996 | D:4      | Mangled by Duvessa

Levels and vault maps discovered:
D:1:      sevenhm_arrival_forest_fort_small_3, layout_basic,
          lexackson_kobold_supper
D:2:      layout_rooms, ebering_ecumenical_altar_hall, basic_altar
D:3:      layout_basic, hangedman_decor_push
D:4:      layout_loops_ring, uniq_pikel, uniq_edmund, uniq_duvessa

Skill      XL: |  1  2  3  4  5 |
---------------+----------------+-----
Unarmed Combat | 4 6 |  6.7
Dodging        | 1 |  1.3
Fighting       | |  2.4
Spellcasting   | |  1.0
Fire Magic     | |  2.1

Action                   |  1- 3 |  4- 6 || total
-------------------------+-------+-------++-------
Melee: Unarmed           |   129 |   106 ||   235
       Punch             |     2 |     1 ||     3
Throw: Boomerang         |       |     5 ||     5
Invok: Fiery Armour      |       |     2 ||     2
  Use: Scroll            |     2 |     4 ||     6
       Potion            |       |     1 ||     1
Armor: Robe              |    49 |    45 ||    94
Dodge: Dodged            |    67 |    39 ||   106

Table legend:
 A = Non-vault XP
 B = Vault XP
 C = Vault XP percentage of total XP
 D = Non-vault monster count
 E = Vault monster count
 F = Vault count percentage of total count
                 A         B        C        D         E       F
            +---------+---------+-------+---------+---------+-------
      Total |     193 |     253 |  56.7 |      71 |      10 |  12.3
            +---------+---------+-------+---------+---------+-------
        D:1 |      31 |      11 |  26.2 |      20 |       8 |  28.6
        D:2 |      55 |       0 |   0.0 |      22 |       0 |   0.0
        D:3 |      96 |       0 |   0.0 |      23 |       0 |   0.0
        D:4 |      11 |     242 |  95.7 |       6 |       2 |  25.0
            +---------+---------+-------+---------+---------+-------
